 Dungeon Crawl Stone Soup version 0.31-a0-986-g5e6e4ef867 (webtiles) character file.

Game seed: 4083480391358971434

509 horus123 the Chopper (level 6, -3/48 HPs)
             Began as a Demonspawn Gladiator on Nov 9, 2023.
             Slain by a black bear (10 damage)
             ... on level 4 of the Dungeon.
             The game lasted 00:05:57 (3913 turns).

horus123 the Chopper (Demonspawn Gladiator)         Turns: 3913, Time: 00:05:58

Health: -3/48      AC: 19    Str: 17    XL:     6   Next: 98%
Magic:  6/6        EV:  8    Int:  9    God:
Gold:   181        SH:  0    Dex: 14    Spells: 5/5 levels left

rFire   . . .        a - +0 war axe
rCold   . . .        (no shield)
rNeg    . . .        y - +0 chain mail
rPois   .            c - +0 helmet
rElec   .            s - scarf {shadows}
rCorr   .            (no gloves)
SInv    .            w - +0 pair of boots
Will    .....        (no amulet) Stlth
                     (no ring)
HPRegen 0.28/turn    (no ring)
MPRegen 0.10/turn

%: no passive effects
@: sanguine armoured
A: claws 1, sanguine armour 2
a: no special abilities


You were on level 4 of the Dungeon.
You visited 1 branch of the dungeon, and saw 4 of its levels.

You collected 181 gold pieces.

Inventory:

Hand Weapons
 a - a +0 war axe (weapon)
 l - a +0 great sword
Missiles
 d - 3 throwing nets
 e - 3 javelins (quivered)
 m - 6 boomerangs
 v - 2 poisoned darts
Armour
 b - a +0 leather armour
 c - a +0 helmet (worn)
 k - a +0 scale mail
 n - an orb of wrath
 s - a scarf of shadows (worn)
 w - a +0 pair of boots (worn)
 y - a +0 chain mail (worn)
Jewellery
 x - a ring of willpower
Scrolls
 g - a scroll of teleportation {unknown}
 h - a scroll of amnesia {unknown}
 i - a scroll of blinking {unknown}
 j - a scroll of noise {unknown}
 o - a scroll of enchant weapon {unknown}
 p - a scroll of immolation {unknown}
 q - 3 scrolls of identify {unknown}
 r - a scroll of vulnerability {unknown}
Potions
 f - a potion of might {unknown}
 t - 2 potions of attraction {unknown}
 u - a potion of degeneration {unknown}
 z - a potion of heal wounds {unknown}
 A - a potion of cancellation {unknown}


   Skills:
 - Level 4.0 Fighting
 + Level 6.5 Axes
 - Level 1.7 Throwing
 - Level 2.6 Dodging


You had 5 spell levels left.
You didn't know any spells.
Your spell library was empty.

Dungeon Overview and Level Annotations

Branches:
Dungeon (4/15)
 Temple: D:4-7

Altars:
Ashenzari
Cheibriados
Nemelex Xobeh

Shops:
D:4 *


Innate Abilities, Weirdness & Mutations

You have sharp fingernails.
When seriously injured, your blood forms thick armour. (AC +9)


Message History

You are too injured to fight recklessly!
Unknown command.
You are too injured to fight recklessly!
Throw: 6 javelins
Press: ? - help, Q - select action, (/) - cycle Shift-Dir - straight line, f - ogre
Aim: an ogre, wielding a +0 giant spiked club (heavily wounded, 73% to hit)
You throw a javelin. The javelin pierces through the ogre.
The ogre is severely wounded.
The javelin barely misses the black bear.
The ogre closely misses you.
Throw: 5 javelins
Press: ? - help, Q - select action, (/) - cycle Shift-Dir - straight line, f/p - ogre
Aim: an ogre, wielding a +0 giant spiked club (severely wounded, 73% to hit)
You throw a javelin. The javelin pierces through the ogre.
The ogre is severely wounded.
The javelin pierces through the black bear but does no damage.
The black bear is heavily wounded.
Throw: 4 javelins
Press: ? - help, Q - select action, (/) - cycle Shift-Dir - straight line, f/p - ogre
Aim: an ogre, wielding a +0 giant spiked club (severely wounded, 73% to hit)
You throw a javelin. The javelin pierces through the ogre!
You kill the ogre!
The javelin pierces through the black bear!
The black bear is severely wounded.
You are too injured to fight recklessly!
Okay, then.
You hit the black bear.
The black bear is almost dead.
The black bear goes berserk!
The black bear bites you but does no damage.
The black bear claws you but does no damage.
The black bear barely misses you.
You hit the black bear.
The black bear is almost dead.
The black bear bites you but does no damage.
The black bear claws you but does no damage. x2
You barely miss the black bear.
The black bear is almost dead.
The black bear bites you!
You die...

#####################
#...@................
#.##h################
#.. # #... # #§§§#
####### #○○°# #......
#§○°# #...... ####
#...... .§.###......


You could see a black bear (berserk).

Vanquished Creatures
  A black bear (D:4)
  An ogre (D:4)
  A scorpion (D:4)
  2 orc priests (D:4)
  A sleepcap (D:3)
  Jessica (D:3)
  An iguana (D:4)
  3 adders
  A worm (D:2)
  A dart slug (D:3)
  13 orcs
  4 bats
  11 endoplasms
  3 giant cockroaches
  13 hobgoblins
  6 jackals (D:1)
  5 quokkas
  6 ball pythons
  A frilled lizard (D:3)
  4 goblins
  9 kobolds
  4 rats
92 creatures vanquished.

Notes
Turn   | Place    | Note
-------+----------+-------------------------------------------
     0 | D:1      | horus123 the Demonspawn Gladiator began the quest for the
                  | Orb.
     0 | D:1      | Reached XP level 1. HP: 16/16 MP: 1/1
    13 | D:1      | You fall into a shaft and drop 1 floor!
    68 | D:1      | Gained mutation: When seriously injured, your blood forms
                  | armour. (AC +9) [demonic ancestry]
    68 | D:1      | Reached XP level 2. HP: 15/23 MP: 2/2
   522 | D:1      | Reached XP level 3. HP: 17/29 MP: 3/3
  1790 | D:3      | Reached skill level 3 in Axes
  2073 | D:3      | Gained mutation: When seriously injured, your blood forms
                  | thick armour. (AC +9) [demonic ancestry]
  2073 | D:3      | Reached XP level 4. HP: 31/37 MP: 4/4
  2148 | D:3      | Noticed Jessica
  2157 | D:3      | Killed Jessica
  2288 | D:3      | Reached skill level 4 in Axes
  2461 | D:3      | Gained mutation: You have sharp fingernails. [demonic
                  | ancestry]
  2461 | D:3      | Reached XP level 5. HP: 42/42 MP: 5/5
  2546 | D:3      | Found a snail-covered altar of Cheibriados.
  2552 | D:3      | Found a faded altar of an unknown god.
  2554 | D:3      | Found a faded altar of an unknown god.
  2556 | D:3      | Found a sparkling altar of Nemelex Xobeh.
  2559 | D:3      | Found a broken altar of Ashenzari.
  2886 | D:4      | Noticed a black bear
  2894 | D:4      | Killed a black bear
  2895 | D:4      | Reached skill level 5 in Axes
  3076 | D:4      | Reached XP level 6. HP: 24/48 MP: 6/6
  3609 | D:4      | Found Apref's Assorted Antiques.
  3666 | D:4      | Reached skill level 6 in Axes
  3913 | D:4      | Slain by a black bear

Illustrated notes

Levels and vault maps discovered:
D:1:      wander_arrival_estate, layout_basic, fountainhead, st_stairs_14
D:2:      layout_loops_cross
D:3:      layout_basic, chequers_temple_overflow_minitemple, uniq_jessica
D:4:      corexii_shack_village, layout_basic, serial_shops,
          nicolae_shop_statue_plus, lemuel_flame_loot_1

Skill      XL: |  1  2  3  4  5  6 |
---------------+-------------------+-----
Fighting       | 3 4 |  4.0
Axes           | 3 4 5 6 |  6.5
Throwing       | |  1.7
Dodging        | |  2.6

Action                     |  1- 3 |  4- 6 || total
---------------------------+-------+-------++-------
  Melee: War axe           |    86 |   150 ||   236
         Punch             |       |     3 ||     3
  Throw: Javelin           |       |    15 ||    15
 Armour: Leather armour    |    30 |       ||    30
         Scale mail        |    23 |    91 ||   114
         Chain mail        |       |     8 ||     8
  Dodge: Dodged            |    55 |    89 ||   144

Table legend: (Time is in decaauts)
 A = Elapsed time spent in this place.
 B = Non-inter-level travel time spent in this place.
 C = Inter-level travel time spent in this place.
 D = Time resting spent in this place.
 E = Time spent auto-exploring this place.
 F = Levels seen in this place.
 G = Mean time per level.
                   A        B        C        D        E       F      G
               +--------+--------+--------+--------+--------+-----+--------+
         Total |   4035 |   3907 |    128 |    305 |   2882 |   4 | 1008.8 |
       Dungeon |   4035 |   3907 |    128 |    305 |   2882 |   4 | 1008.8 |
               +--------+--------+--------+--------+--------+-----+--------+

Top non-repeatable levels by time:
     D:4: 1322 daAuts
     D:1: 1000 daAuts
     D:3: 898 daAuts
     D:2: 814 daAuts
